AoeStats
← Mf MelloMike

Migration

508951293Analyzed
1v1 RM · 8d ago on Sep 24, 2026· 95m 58s· 2 players
Game mode
Random Map
Map size
132×132
Population
200
Speed
Normal
Resources
Standard
Victory
Conquest
Starting age
Dark Age
Ending age
Imperial Age
RankedLock teamsTeams togetherTeam positionsShared explorationLock speedFull tech treeHidden civsTurbo modeCheats
Victory
Defeat
684
+15
🇺🇸 Dravidians · United States
672
-15
Mf MelloMike
7:01 Loom
12:57 Feudal Age
13:23 Double-Bit Axe
16:59 Fishing Lines
17:18 Fletching
17:29 Padded Archer Armor
20:11 Castle Age
21:34 Gold Mining
22:27 Thumb Ring
25:33 Leather Archer Armor
26:51 Husbandry
27:29 Medium Warships
29:15 Bodkin Arrow
36:27 Imperial Age
39:19 Chemistry
47:00 Ballistics
54:08 Crossbowman
55:30 Arbalester
62:50 Siege Elephant
67:39 Horse Collar
68:53 Heavy Plow
70:23 Bow Saw
73:39 Light Cavalry
77:10 Wheelbarrow
84:39 Scale Barding Armor
84:45 Forging
juarez.ruiz.jesus.angell
8:50 Loom
12:14 Feudal Age
12:48 Double-Bit Axe
17:40 Wheelbarrow
21:53 Castle Age
21:47 Padded Archer Armor
21:53 Scale Barding Armor
25:55 Hand Cart
35:07 Imperial Age
34:12 Murder Holes
33:57 Treadmill Crane
39:03 Corvinian Army
41:45 Horse Collar
41:58 Gold Mining
41:58 Stone Mining
46:27 Recurve Bow
46:54 Chain Barding Armor
46:25 Fletching
46:36 Scale Mail Armor
46:06 Pikeman
50:14 Elite Magyar Huszar
52:51 Conscription
57:58 Leather Archer Armor
58:18 Plate Barding Armor
58:14 Man-at-Arms
60:31 Ballistics
63:30 Town Watch
64:11 Town Patrol
64:18 Sappers
65:19 Demolition Ship
66:11 Medium Warships
67:51 Bow Saw
71:12 Chain Mail Armor
71:28 Ring Archer Armor
70:53 Bodkin Arrow
72:04 Chemistry
70:54 Guard Tower
71:00 Murder Holes
71:16 Masonry
70:30 Long Swordsman
70:30 Halberdier
70:36 Cavalier
71:18 Husbandry
72:16 Hoardings
72:23 Gold Shaft Mining
72:12 Shipwright
72:04 Careening
73:15 Two-Man Saw
84:09 Bracer
83:37 Paladin
83:38 Light Cavalry
84:29 Bloodlines
Connection lost

Rejoining the realm…

Still unreachable

The connection could not be restored.

Session expired

The server has moved on; the page needs a fresh start.